 Dungeon Crawl Stone Soup version 0.17-a0-2027-gcac42c4 (webtiles) character file.

347 radek the Skirmisher (level 6, -2/56 HPs)
             Began as a Draconian Chaos Knight on Oct 10, 2015.
             Slain by a phantom (5 damage)
             ... on level 3 of the Dungeon.
             The game lasted 00:20:37 (3479 turns).

radek the Skirmisher (Draconian Chaos Knight)       Turns: 3479, Time: 00:20:37

Health: -2/56      AC:  6    Str: 22    XL:     6   Next: 32%
Magic:  6/6        EV: 13    Int: 12    God:    Xom [.....*]
Gold:   139        SH:  0    Dex: 10    Spells: 0 memorised, 5 levels left

rFire  . . .     SeeInvis .     a - +0 hand axe (chaos)
rCold  . . .     Clarity  .     (armour unavailable)
rNeg   . . .     SustAt   .     (no shield)
rPois  +         Gourm    .     (helmet restricted)
rElec  .         Spirit   .     (no cloak)
rCorr  +         Warding  .     (no gloves)
rMut   .         Stasis   .     (no boots)
MR     .....                    u - amulet of resist corrosion
Stlth  +.........               (no ring)
                                j - ring of poison resistance

@: mighty, not resistant to hostile enchantments, very unstealthy
A: unfitting armour, cold-blooded, AC +6
a: Renounce Religion


You were on level 3 of the Dungeon.
You worshipped Xom.
You were Xom's teddy bear.
You were hungry.

You visited 1 branch of the dungeon, and saw 4 of its levels.

You collected 139 gold pieces.

Inventory:

Hand Weapons
 a - a +0 hand axe of chaos (weapon)
 o - a +0 flail
 q - a +0 hand axe
 v - a +0 hand axe
Jewellery
 j - a ring of poison resistance (left hand)
 u - an amulet of resist corrosion (around neck)
Scrolls
 c - a scroll of fear {unknown}
 e - a scroll of noise {unknown}
 f - 2 scrolls of blinking {unknown}
 g - 3 scrolls of teleportation {unknown}
 h - 3 scrolls of remove curse {unknown}
 i - 2 scrolls of fog {unknown}
 k - 2 scrolls of immolation {unknown}
 l - 6 scrolls of identify {unknown}
 n - a scroll of random uselessness {unknown}
 r - a scroll of enchant weapon {unknown}
Potions
 d - a potion of brilliance {unknown}
 p - a potion of resistance {unknown}
 t - a potion of cure mutation {unknown}
Comestibles
 b - 4 bread rations
 m - 2 fruits


   Skills:
 + Level 5.0 Fighting
 + Level 4.1 Axes
 + Level 4.5 Dodging
 + Level 0.8 Stealth


You had 5 spell levels left.
You didn't know any spells.

Dungeon Overview and Level Annotations

Branches:
Dungeon (4/15)
 Temple: D:4-7

Altars:
Elyvilon
Qazlal


Innate Abilities, Weirdness & Mutations

Your plain brown scales are hard (AC +6).
Your body does not fit into most forms of armour.
You are cold-blooded and may be slowed by cold attacks.


Message History

You tail-slap the phantom, but do no damage.
The phantom is severely damaged.
The phantom hits you!
* * * LOW HITPOINT WARNING * * *
You hit the phantom but do no damage.
Your tail-slap misses the phantom.
The phantom is severely damaged.
The phantom completely misses you.
You completely miss the phantom.
The phantom is severely damaged.
The phantom barely misses you. The phantom hits you!
* * * LOW HITPOINT WARNING * * *
You climb upwards.
There is a stone staircase leading down here.
Drink which item? (? for menu, Esc to quit)
It was a potion of might.
You feel very mighty all of a sudden.
Xom thinks this is hilarious!
The phantom hits you.
You die...

#######))####....#
####...... ##.รท# ####.#
##..... ##.## #.# #.....
#..## #.### #..... ##..##
#...########..... #######(.#
###.............. #......(.#
##########.....
#.######.###########........
#....# #...@##.....#.#..#.(.
####.###[##W#..........##(.#
#..##.)#..#.....#..###.##
##.##..##)####.#..###..#
#.##.###..###.#.## #..##
#..#.# ##...#.#.####....
##...# ###.......##.###
#..## ###.).###....# #
##..####...)..####..###


You could see a phantom.

Vanquished Creatures
  A boggart (D:2)
  An orc priest (D:3)
  A hound (D:4)
  3 orc wizards (D:3)
  4 adders
  An ooze (D:3)
  A worm (D:3)
  2 giant geckos
  8 orcs (D:3)
  10 bats
  2 giant cockroaches
  5 hobgoblins
  3 quokkas
  2 giant newts
  8 goblins
  11 kobolds
  11 rats
  10 bushes (D:2)
84 creatures vanquished.

Vanquished Creatures (collateral kills)
  An adder (D:4)
  A plant (D:2)
2 creatures vanquished.

Vanquished Creatures (others)
  An orc (D:3)
  A plant (D:2)
2 creatures vanquished.

Grand Total: 88 creatures vanquished

Notes
Turn   | Place    | Note
--------------------------------------------------------------
     0 | D:1      | radek the Draconian Chaos Knight began the quest for the Orb.
     0 | D:1      | Reached XP level 1. HP: 19/19 MP: 1/1
    10 | D:1      | Noticed a giant frog
   177 | D:1      | XOM: silly message
   546 | D:1      | Reached XP level 2. HP: 23/26 MP: 2/2
   959 | D:2      | Noticed a boggart
   959 | D:2      | an ooze changed into a boggart
   959 | D:2      | Reached XP level 3. HP: 29/33 MP: 3/3
  1335 | D:2      | Reached skill level 4 in Fighting
  1442 | D:2      | XOM: divination: detect items
  1515 | D:2      | XOM: harmless Summ miscast
  1546 | D:2      | XOM: silly message
  1551 | D:2      | XOM: potion effect (berserk rage)
  1553 | D:2      | XOM: snakes to sticks
  1562 | D:2      | XOM: 2-stop teleportation journey
  1695 | D:2      | Killed a boggart
  1695 | D:2      | Reached XP level 4. HP: 36/41 MP: 4/4
  1695 | D:2      | Reached XP level 5. HP: 41/47 MP: 5/5
  2488 | D:3      | XOM: enchant monster (good)
  2543 | D:3      | XOM: divination: detect creatures
  2866 | D:3      | Found a stormy altar of Qazlal.
  2867 | D:3      | Found a white marble altar of Elyvilon.
  3050 | D:4      | Noticed a phantom
  3052 | D:4      | XOM: summons friendly white imp
  3063 | D:4      | XOM: fog
  3064 | D:4      | Reached XP level 6. HP: 37/55 MP: 6/6
  3068 | D:4      | Reached skill level 5 in Fighting
  3423 | D:4      | XOM: summons friendly ufetubus
  3477 | D:4      | HP: 2/56 [phantom (7)]
  3479 | D:3      | Slain by a phantom

Vault maps used:
D:1:      evilmike_arrival_come_back, minivault_26
D:2:      first_bread, serial_forest, infiniplex_forest_clump_small,
          infiniplex_forest_straight_2, infiniplex_forest_end_3,
          infiniplex_forest_end_2, infiniplex_forest_zigzag_2,
          infiniplex_forest_clump_medium, infiniplex_forest_lined_corner,
          infiniplex_forest_end_3, infiniplex_forest_clump_small
D:3:      gammafunk_temple_overflow_statue
D:4:      old_standard_altar, trog_butcher_becter

Action                   |  1- 3 |  4- 6 || total
-------------------------+-------+-------++-------
Melee: Hand axe          |   119 |   419 ||   538
  Use: Potion            |     2 |     1 ||     3
 Stab: Sleeping          |     2 |       ||     2
       Paralysed         |       |     2 ||     2
       Distracted        |       |     1 ||     1
  Eat: Chunk             |     1 |     1 ||     2
       Meat ration       |     1 |       ||     1
       Beef jerky        |       |     1 ||     1
       Fruit             |       |     1 ||     1
